 Dungeon Crawl Stone Soup version 0.21.1-1-g345015fe64 (webtiles) character file.

26 Htamos the Sneak (level 2, -4/23 HPs)
             Began as a Vampire Abyssal Knight on July 15, 2018.
             Was a Follower of Lugonu.
             Slain by a gnoll
             ... wielding a +0 halberd
              (8 damage)
             ... on level 2 of the Dungeon.
             The game lasted 00:03:43 (1146 turns).

Htamos the Sneak (Vampire Abyssal Knight)           Turns: 1146, Time: 00:03:43

Health: -4/23      AC:  3    Str: 11    XL:     2   Next: 89%
Magic:  3/3        EV: 12    Int: 14    God:    Lugonu [*.....]
Gold:   54         SH:  0    Dex: 13    Spells: 1/1 levels left

rFire    . . .     SeeInvis +   a - +1 short sword
rCold    . . .     Gourm    .   (no shield)
rNeg     + . .     Faith    .   b - +0 leather armour
rPois    .         Spirit   .   (no helmet)
rElec    .         Reflect  .   (no cloak)
rCorr    .         Harm     .   (no gloves)
MR       .....                  (no boots)
Stlth    ++........             (no amulet)
HPRegen  0.07/turn              (no ring)
MPRegen  0.08/turn              (no ring)

@: no status effects
A: fangs 3, see invisible, unbreathing
a: Depart the Abyss, Renounce Religion


You were on level 2 of the Dungeon.
You worshipped Lugonu.
Lugonu was aware of your devotion.
You were not thirsty.

You visited 1 branch of the dungeon, and saw 2 of its levels.
You visited the Abyss 1 time.

You collected 54 gold pieces.

Inventory:

Hand Weapons
 a - a +1 short sword (weapon)
 d - a +0 dagger
Armour
 b - a +0 leather armour (worn)
 i - a cursed +0 buckler
Potions
 c - 5 potions of blood
 e - a potion of heal wounds {unknown}
 f - a potion of flight {unknown}
 g - a potion of haste {unknown}
 h - 2 potions of might {unknown}


   Skills:
 - Level 2.6 Fighting
 - Level 2.1 Short Blades
 - Level 0.7 Armour
 - Level 2.1 Dodging
 + Level 4.3 Stealth
 - Level 1.5 Invocations


You had one spell level left.
You didn't know any spells.

Dungeon Overview and Level Annotations

Branches:
Dungeon (2/15)

Altars:


Innate Abilities, Weirdness & Mutations

You have razor-sharp teeth.
You have supernaturally acute eyesight. (SInv)
You can survive without breathing.


Message History

The gnoll barely misses you.
You see here 18 stones.
You enter the shallow water.
Moving in this stuff is going to be slow.
The gnoll throws a throwing net.
The throwing net hits you.
You become entangled in the net!
You hear a splash.
You see here a throwing net.
You struggle against the net.
You struggle against the net.
You struggle against the net.
You struggle against the net.
The gnoll splashes around in the water.
You shred the net and break free! The gnoll hits you with a halberd.
* * * LOW HITPOINT WARNING * * *
You hit the gnoll. You bite the gnoll.
The gnoll is heavily wounded.
You hit the gnoll.
The gnoll is almost dead.
The gnoll hits you with a halberd!
You die...

...<...#.##...≈≈≈≈≈≈.≈.≈≈..#
##..####.##...P≈PP≈≈≈♣PP≈P##
..... ..##..♣♣♣♣♣≈≈≈♣♣♣♣♣#
..#.## ####..... ♣♣≈P♣ ..#>.
.......♣♣.≈P♣ ..###
##......♣♣.♣♣ ..
........♣≈.♣ . #........#
##.PP.@#### #.P≈≈≈gP###
#≈≈♣P≈≈≈≈P# ##≈P ♣♣♣♣≈P##
#≈. ♣≈≈≈# #P. ♣♣≈(#
#P.≈♣♣♣♣≈P.# #PP≈P♣≈≈P.#
#P≈≈(P≈≈.#


You could see a gnoll.

Vanquished Creatures
  2 dart slugs
  A leopard gecko (D:1)
  4 bats (D:1)
  A goblin (D:1)
  A hobgoblin (D:2)
  4 kobolds
  A ball python (D:1)
  2 frilled lizards (D:1)
  6 rats (D:1)
22 creatures vanquished.

Notes
Turn   | Place    | Note
-------+----------+-------------------------------------------
     0 | Abyss:1  | Htamos the Vampire Abyssal Knight began the quest for the Orb.
     0 | Abyss:1  | Reached XP level 1. HP: 17/17 MP: 2/2
     0 | Abyss:1  | Found a corrupted altar of Lugonu.
    37 | Abyss:1  | Found a corrupted altar of Lugonu.
    41 | D:1      | Escaped the Abyss
    99 | D:1      | Reached skill level 1 in Stealth
   118 | D:1      | Reached skill level 2 in Stealth
   122 | D:1      | Reached XP level 2. HP: 6/23 MP: 3/3
   287 | D:1      | Reached skill level 3 in Stealth
  1108 | D:2      | Reached skill level 4 in Stealth
  1146 | D:2      | Slain by a gnoll

Skill      XL: |  1  2 |
---------------+-------+-----
Stealth        | 2 4 |  4.3
Fighting       | |  2.6
Short Blades   | |  2.1
Armour         | |  0.7
Dodging        | |  2.1
Invocations    | |  1.5

Action                   || total
-------------------------++-------
Melee: Dagger            ||    55
       Short sword       ||    35
       Bite              ||     7
 Stab: Sleeping          ||     1
  Eat: Corpse            ||     2
Armor: Leather armour    ||    30
Dodge: Dodged            ||    39
